 Dungeon Sprint DCSS version 0.30-a0-632-g346586fe48 (webtiles) character file.

Game seed: 13395205911909939110

302 jt the Prestidigitator (level 6, -2/43 HPs)
             Began as a Formicid Artificer on Jan 14, 2023.
             Was an Initiate of Gozag.
             Slain by a spatial vortex (4 damage)
             ... in the Dungeon (Sprint III: "The Ten Rune Challenge").
             The game lasted 00:01:51 (421 turns).

jt the Prestidigitator (Formicid Artificer)          Turns: 421, Time: 00:01:52

Health: -2/43      AC:  3    Str: 18    XL:     6   Next: 65%
Magic:  6/6        EV: 11    Int: 11    God:    Gozag
Gold:   23         SH:  0    Dex: 14    Spells: 5/5 levels left

rFire   . . .      SeeInvis +    a - +0 club
rCold   . . .      Faith    .    (no shield)
rNeg    . . .      Spirit   .    b - +0 leather armour
rPois   +          Reflect  .    (helmet unavailable)
rElec   .          Harm     .    (no cloak)
rCorr   .          Rampage  .    (no gloves)
Will    .....                    (no boots)
Stlth   +                        (no amulet)
HPRegen 0.27/turn                (no ring)
MPRegen 0.10/turn                (no ring)

@: no status effects
A: permanent stasis, dig shafts and tunnels, antennae 3, four strong arms,
mutation resistance 1, poison resistance
a: Dig, Renounce Religion, Potion Petition, Call Merchant, Bribe Branch


You were in the Dungeon.
You worshipped Gozag.
Gozag was noncommittal.
You visited 1 branch You collected 23 gold pieces.

Inventory:

Hand Weapons
 a - a +0 club (weapon)
Armour
 b - a +0 leather armour (worn)
Wands
 c - a wand of flame (5) (quivered)
 d - a wand of charming (13)
 e - a wand of iceblast (2)
Scrolls
 k - a scroll of blinking
 l - a scroll of vulnerability {unknown}
 n - 2 scrolls of immolation {unknown}
 o - 2 scrolls of identify
 q - a scroll of fog {unknown}
Potions
 f - a potion of curing
 g - a potion of heal wounds
 h - a potion of haste
 i - 2 potions of magic
 j - a potion of berserk rage
 m - 3 potions of mutation
 p - a potion of flight
 r - 2 potions of attraction {unknown}
Miscellaneous
 s - a tin of tremorstones (2/2)


   Skills:
 + Level 1.1 Fighting
 + Level 2.1 Armour
 + Level 0.8 Dodging
 - Level 1.2 Stealth
 + Level 14.3 Evocations


You had 5 spell levels left.
You didn't know any spells.
Your spell library was empty.

Dungeon Overview and Level Annotations

Branches:
Dungeon (1/1)

Altars:
Cheibriados
Dithmenos
Fedhas
Gozag
Hepliaklqana
Makhleb
Nemelex Xobeh
Qazlal
Ru
Xom
Yredelemnul
Jiyva
Lugonu


Innate Abilities, Weirdness & Mutations

You cannot be hasted, slowed, berserked, paralysed or teleported.
You can dig through walls and to a lower floor.
You have a pair of large antennae on your head. (SInv)
Your four strong arms can wield two-handed weapons with a shield.
You are somewhat resistant to further mutation.
Your system is resistant to poisons. (rPois)


Message History

You have reached level 6!
You start resting.
HP restored.
You see here a necrophage corpse.
Okay, then.
You open the door.
Found a blossoming altar of Fedhas and a stormy altar of Qazlal.
A spatial vortex comes into view.
Found a tin of tremorstones (2/2).
Found eight altars.
There is an open door here.
Press: ? - help, v - describe, . - travel, g - get item Item here: a tin of tremorstones (2/2).
A sparkling altar of Nemelex Xobeh.
The spatial vortex hits you!!
Ouch! That really hurt!
Space warps horribly around you!
There is a snail-covered altar of Cheibriados, spattered with blood here.
There is an open door here.
You close the door.
You start resting.
HP restored.
You open the door.
There is an open door here.
There is a snail-covered altar of Cheibriados, spattered with blood here.
There is a hazy altar of Hepliaklqana here.
There is a sparkling altar of Nemelex Xobeh here.
You see here a tin of tremorstones (2/2).
s - a tin of tremorstones (2/2)
There is an opulent altar of Gozag here.
You kneel at the altar of Gozag.
Gozag welcomes you!
Gozag waives the service fee.
The spatial vortex attacks as you move away!
The spatial vortex hits you!!
Ouch! That really hurt!
Space warps horribly around you!!
* * * LOW HITPOINT WARNING * * *
The spatial vortex hits you.
You die...
Your body crumbles into a pile of gold. ....♣♣ ♣♣.# {#__# $$$ $ ...♣.♣ ♣..#{ {#$_ $${{{ ...~.♣♣♣..###+#+###'## ${{{

..~~♣♣..♣.#.......)..#$${{{
$$ .~~~~.♣.♣.'.⌠........#$
$ $$$
.~≈≈~~~♣♣.#...######'#$$ $
~~≈~~~....#.⌠.#__#.÷.#
~≈~~~.....#...#_v#...#
~~~.......#+###_@#...# {
..........# {{#__#...+
..........# #__'...#
▓▓▓▓▓▓▓▓▓▓▓ ▓▓▓▓▓▓▓▓ { { {
{ {{ { { {{


You could see a spatial vortex.

Vanquished Creatures
  A shadow (D)
  A water elemental (D)
  A jelly (D)
  A human (D)
  A phantom (D)
  An endoplasm (D)
  3 rats (D)
9 creatures vanquished.

Vanquished Creatures (collateral kills)
  A necromancer (D)
1 creature vanquished.

Vanquished Creatures (others)
  A necrophage (D)
1 creature vanquished.

Grand Total: 11 creatures vanquished

Notes
Turn   | Place    | Note
-------+----------+-------------------------------------------
     0 | D        | jt the Formicid Artificer began the quest for the Orb.
     0 | D        | Reached XP level 1. HP: 15/15 MP: 1/1
    15 | D        | Reached skill level 4 in Evocations
    86 | D        | Reached skill level 5 in Evocations
    86 | D        | Reached XP level 2. HP: 21/21 MP: 2/2
    90 | D        | Reached skill level 7 in Evocations
    90 | D        | Reached XP level 3. HP: 18/26 MP: 3/3
   117 | D        | Gained mutation: Your system is resistant to poisons.
                  | (rPois) [potion of mutation]
   117 | D        | Gained mutation: You are somewhat resistant to further
                  | mutation. [potion of mutation]
   120 | D        | Noticed a water elemental
   126 | D        | Killed a water elemental
   127 | D        | Reached skill level 10 in Evocations
   127 | D        | Reached XP level 4. HP: 32/32 MP: 4/4
   140 | D        | Found a shadowy altar of Dithmenos.
   140 | D        | Noticed a necrophage
   141 | D        | Noticed a necromancer
   146 | D        | Found a basalt altar of Yredelemnul.
   146 | D        | Found a sacrificial altar of Ru.
   150 | D        | Killed a necromancer
   151 | D        | Reached XP level 5. HP: 25/37 MP: 5/5
   153 | D        | Noticed a shadow
   158 | D        | Reached skill level 11 in Evocations
   163 | D        | Killed a shadow
   164 | D        | Reached skill level 14 in Evocations
   164 | D        | Reached XP level 6. HP: 7/43 MP: 6/6
   302 | D        | Found a blossoming altar of Fedhas.
   302 | D        | Found a stormy altar of Qazlal.
   303 | D        | Found a snail-covered altar of Cheibriados.
   303 | D        | Found a burning altar of Makhleb.
   303 | D        | Found a hazy altar of Hepliaklqana.
   303 | D        | Found a shimmering altar of Xom.
   303 | D        | Found an opulent altar of Gozag.
   303 | D        | Found a sparkling altar of Nemelex Xobeh.
   303 | D        | Found a corrupted altar of Lugonu.
   303 | D        | Found a viscous altar of Jiyva.
   303 | D        | Noticed a spatial vortex
   420 | D        | Became a worshipper of Gozag Ym Sagoz the Greedy
   421 | D        | HP: 2/43 [spatial vortex (18)]
   421 | D        | Slain by a spatial vortex

Illustrated notes

Levels and vault maps discovered:
D:        dungeon_sprint_mu [sprint_mu_entry_forest, sprint_mu_temple_rooms,
          sprint_mu_d1_spiders, sprint_mu_d2_genie, sprint_mu_d3_branching,
          sprint_mu_orc_legion, sprint_mu_elf_gauntlet, sprint_mu_hive_nellie,
          sprint_mu_lair_fedhas, sprint_mu_vaults_butterflies,
          sprint_mu_slime_circle, sprint_mu_swamp_cave, sprint_mu_shoals_kraken,
          sprint_mu_blade_basic, sprint_mu_crypt_lich, sprint_mu_tomb_spiral,
          sprint_mu_vestibule_basic, sprint_mu_gehenna_hellfire,
          sprint_mu_dis_giant, sprint_mu_tartarus_statrot,
          sprint_mu_cocytus_islands, sprint_mu_zot1]

Skill      XL: |  1  2  3  4  5 |
---------------+----------------+-----
Evocations     | 5 7 10 14 | 14.3
Fighting       | |  1.1
Armour         | |  2.1
Dodging        | |  0.8
Stealth        | |  1.2

Action                   |  1- 3 |  4- 6 || total
-------------------------+-------+-------++-------
Melee: Club              |    14 |     6 ||    20
       Punch             |     1 |       ||     1
Evoke: Wand              |     8 |     7 ||    15
  Use: Potion            |     2 |       ||     2
 Stab: Sleeping          |     1 |       ||     1
Armor: Leather armour    |     4 |       ||     4
Dodge: Dodged            |     7 |     3 ||    10

Table legend: (Time is in decaauts)
 A = Elapsed time spent in this place.
 B = Non-inter-level travel time spent in this place.
 C = Inter-level travel time spent in this place.
 D = Time resting spent in this place.
 E = Time spent auto-exploring this place.
 F = Levels seen in this place.
 G = Mean time per level.
                   A        B        C        D        E       F      G
               +--------+--------+--------+--------+--------+-----+--------+
         Total |    428 |    428 |      0 |    281 |      0 |   1 |  428.0 |
       Dungeon |    428 |    428 |      0 |    281 |      0 |   1 |  428.0 |
               +--------+--------+--------+--------+--------+-----+--------+

Top non-repeatable levels by time:
       D: 428 daAuts
